 Dungeon Crawl Stone Soup version 0.25.0-15-gac7dcb8919 (webtiles) character file.

Game seed: 8037855559921368627

(classic levelgen) 13897 EnegeticOcto the Cleaver (level 11, -4/100 HPs)
             Began as a Deep Dwarf Fighter on June 28, 2020.
             Was an Elder of Makhleb.
             Slain by a death yak (18 damage)
             ... on level 11 of the Dungeon.
             The game lasted 00:06:20 (6918 turns).

EnegeticOcto the Cleaver (Deep Dwarf Fighter)       Turns: 6918, Time: 00:06:21

Health: -4/100     AC: 16    Str: 23    XL:     11   Next: 81%
Magic:  0/0        EV:  9    Int:  9    God:    Makhleb [****..]
Gold:   801        SH: 12    Dex: 12    Spells: 10/10 levels left

rFire    . . .     SeeInvis .   C - +1 hand axe (elec)
rCold    . . .     Gourm    .   c - +1 kite shield
rNeg     . . .     Faith    .   v - +0 plate armour
rPois    +         Spirit   .   (no helmet)
rElec    .         Reflect  .   (no cloak)
rCorr    .         Harm     .   (no gloves)
MR       +....                  F - +1 pair of boots
Stlth    ..........             g - amulet of the acrobat
HPRegen  0.00/turn              u - ring of poison resistance
MPRegen  0.07/turn              (no ring)

@: non-regenerating
A: damage resistance, heal wounds, sense surroundings 2, no regeneration
a: Heal Wounds, Minor Destruction, Lesser Servant of Makhleb, Major Destruction,
Renounce Religion


You were on level 11 of the Dungeon.
You worshipped Makhleb.
Makhleb was greatly pleased with you.
You were hungry.

You visited 2 branches of the dungeon, and saw 12 of its levels.
You also visited: Ossuary.

You collected 801 gold pieces.

Inventory:

Hand Weapons
 a - a +1 war axe
 C - a +1 hand axe of electrocution (weapon)
Missiles
 z - a throwing net (quivered)
Armour
 c - a +1 kite shield (worn)
 o - a +0 chain mail
 v - a +0 plate armour (worn)
 F - a +1 pair of boots (worn)
Jewellery
 g - an amulet of the acrobat (around neck)
 u - a ring of poison resistance (left hand)
Wands
 w - a wand of paralysis (3)
 y - a wand of acid (1) {@v1}
 D - a wand of flame (19) {@v4}
Scrolls
 b - a scroll of enchant weapon
 f - 3 scrolls of magic mapping {@r5}
 h - 3 scrolls of identify {@r1}
 p - 6 scrolls of teleportation {@r3}
 x - 3 scrolls of enchant armour
 A - a scroll of remove curse {@r2}
Potions
 d - 3 potions of flight
 j - a potion of stabbing {@q5}
 k - a potion of might {@q3}
 l - 3 potions of lignification {@q7}
 m - 3 potions of resistance {@q6}
 n - 2 potions of haste {@q4}
 q - 2 potions of curing {@q1}
 r - a potion of magic
 s - 2 potions of cancellation
 t - 2 potions of heal wounds {@q2}
 B - 3 potions of mutation
Comestibles
 e - 14 rations
 i - 2 chunks of flesh


   Skills:
 + Level 7.2 Fighting
 * Level 11.4 Axes
 + Level 8.7 Armour
 + Level 7.8 Dodging
 + Level 8.6 Shields
 * Level 9.7 Invocations


You had 10 spell levels left.
You didn't know any spells.
Your spell library contained the following spells:

 Spells                   Type           Power        Failure   Level  Hunger
 Animate Skeleton         Necr           N/A          100%        1    ##.....
 Apportation              Tloc           #.....       100%        1    ##.....
 Corona                   Hex            #......      100%        1    ##.....
 Summon Small Mammal      Summ           #...         100%        1    ##.....
 Call Imp                 Summ           #.......     100%        2    ###....
 Call Canine Familiar     Summ           #.......     100%        3    ####...
 Summon Guardian Golem    Hex/Summ       #.......     100%        3    ####...
 Leda's Liquefaction      Hex/Erth       #.........   100%        4    #####..
 Summon Ice Beast         Ice/Summ       #.......     100%        4    #####..
 Summon Lightning Spire   Summ/Air       #.......     100%        4    #####..
 Bolt of Magma            Conj/Fire/Erth #.........   100%        5    ######.
 Iron Shot                Conj/Erth      #.........   100%        6    #######
 Statue Form              Tmut/Erth      #........    100%        6    #######
 Shatter                  Erth           #.........   100%        9    #######


Dungeon Overview and Level Annotations

Branches:
Dungeon (11/15)            Temple (1/1) D:7             Orc (0/2) D:10
Ossuary (visited)
   Lair: D:8-11

Altars:
Ashenzari
Elyvilon
Fedhas
Gozag
Hepliaklqana
Kikubaaqudgha
Makhleb
Qazlal
Ru
Sif Muna
Trog
Vehumet
Wu Jian
Xom
Yredelemnul
Zin
The Shining One
Beogh

Shops:
D:7 *}

Annotations:
D:5 1 exclusion


Innate Abilities, Weirdness & Mutations

You are resistant to damage.
You can heal yourself by infusing magical energy.
You passively map the area around you.
You do not regenerate.


Message History

Makhleb accepts your kill.
Your ufetubus closely misses the white ugly thing.
Your ufetubus hits the white ugly thing.
You block the death yak's attack. The death yak barely misses you.
The death yak gores you but does no damage.
The white ugly thing trunk-slaps you but does no damage.
You don't have enough innate magic capacity.
You hit the death yak.
Lightning courses through the death yak!
The death yak is severely wounded.
You barely miss the white ugly thing. You hit the death yak but do no damage.
You hit the death yak.
Your ufetubus hits the white ugly thing but does no damage.
Your ufetubus hits the white ugly thing.
Your ufetubus barely misses the white ugly thing.
Your ufetubus hits the white ugly thing.
Your ynoxinul completely misses the white ugly thing.
The death yak snorts and paws the ground.
You block the death yak's attack. x2
Your ufetubus hits the white ugly thing.
Your ufetubus hits the white ugly thing but does no damage.
Your ufetubus completely misses the white ugly thing.
Your ufetubus barely misses the white ugly thing.
The death yak gores you!
The white ugly thing barely misses your ufetubus.
Your ynoxinul gestures at the death yak.
The iron shot hits the white ugly thing!!
The death yak gores your ufetubus!
Your ufetubus dies!
Your ufetubus barely misses the white ugly thing.
Your ufetubus hits the white ugly thing but does no damage.
The porcupine barely misses your ynoxinul.
You are too injured to fight recklessly!
You are too injured to fight recklessly!
You are too injured to fight recklessly!
You are too injured to fight recklessly!
You are too injured to fight recklessly!
You are too injured to fight recklessly!
You barely miss the death yak.
The death yak is lightly wounded.
You hit the death yak but do no damage.
Your ufetubus hits the white ugly thing but does no damage.
Your ufetubus barely misses the white ugly thing.
The white ugly thing trunk-slaps your ynoxinul but does no damage.
Your ynoxinul gestures.
You block the death yak's attack. The death yak gores you!
* * * LOW HITPOINT WARNING * * *
You hit the death yak.
Lightning courses through the death yak!!
The death yak is moderately wounded.
You hit the death yak but do no damage. x2
Your ufetubus hits the white ugly thing. x2
The white ugly thing dies!
Makhleb accepts your kill.
You can now hurl Makhleb's greater destruction.
Your ynoxinul hits the death yak! You block the death yak's attack.
The death yak gores your ynoxinul!!
You are feeling hungry.
You hit the death yak.
The death yak is moderately wounded.
Your shield and plate armour prevent you from hitting the death yak.
You hit the death yak but do no damage.
Your ufetubus hits the death yak but does no damage.
Your ufetubus barely misses the death yak.
The porcupine bites your ufetubus!
Your ufetubus dies!
You block the death yak's attack.
Your ufetubus hits the death yak but does no damage.
Your ufetubus hits the death yak. Your ynoxinul hits the death yak.
You hit the death yak.
Lightning courses through the death yak!
The death yak is heavily wounded.
You hit the death yak but do no damage.
Lightning courses through the death yak!
You hit the death yak but do no damage.
The sentinel's mark upon you fades away.
The porcupine misses your ufetubus. The death yak gores you.
* * * LOW HITPOINT WARNING * * *
Your ufetubus hits the death yak.
Your ufetubus completely misses the death yak.
The death yak barely misses your ufetubus.
The death yak gores you!
* * * LOW HITPOINT WARNING * * *
Your ufetubus hits the death yak but does no damage.
Your ufetubus barely misses the death yak.
You hit the death yak.
The death yak is heavily wounded.
You hit the death yak but do no damage. You hit the rat.
You kill the rat!
Makhleb accepts your kill.
You feel better.
You strike the helpless death yak from behind!
You hit the death yak but do no damage. The porcupine bites your ufetubus!
Your ufetubus dies!
Your ynoxinul hits the death yak but does no damage.
The death yak barely misses you.
Your ufetubus closely misses the death yak.
Your ufetubus hits the death yak but does no damage.
The death yak gores you!!
You die...

* ##### , .....########## ###
, ..............# #.. ,
,..........rYY†# #.. ,
.........)(Y@.# #..
..........35..#############..
#####>.......................
, , #....................####
, ##########...........#... ,
,* #...........#... , *
#...........#... , , ,
#...........###' , ,*
#...............


You could see 3 death yaks, a porcupine, a friendly ynoxinul (summoned) and a
friendly ufetubus (summoned).

Vanquished Creatures
  Erolcha (D:9)
  A hydra (D:10)
  3 two-headed ogres
  An orc knight (D:10)
  A cyclops (D:11)
  Grinder (D:6)
  4 trolls
  2 hippogriffs
  6 yaks
  Eustachio (D:5)
  3 hungry ghosts (D:9)
  8 orc warriors
  5 sky beasts
  3 necrophages
  3 black bears
  4 ice beasts
  2 ogres
  2 phantoms (D:8)
  9 centaurs
  2 big kobolds
  A crocodile (D:10)
  6 bullfrogs
  A water moccasin zombie (D:5)
  A gnoll sergeant (D:10)
  2 wyvern skeletons (D:8)
  4 scorpions
  12 killer bees
  A water moccasin skeleton (D:9)
  3 howler monkeys
  2 crimson imps
  A centaur zombie (D:10)
  2 bullfrog skeletons
  A centaur skeleton (D:11)
  7 orc wizards
  A bullfrog zombie (D:9)
  8 hounds
  5 jellies
  9 orc priests
  12 worker ants
  A big kobold zombie (Ossuary)
  2 hound zombies (D:6)
  2 hound skeletons
  8 mummies (Ossuary)
  A worker ant zombie (D:10)
  11 gnolls
  8 adders
  4 shadow imps
  An adder zombie (D:5)
  An adder skeleton (D:4)
  A worm (D:5)
  A leopard gecko (D:8)
  58 orcs
  A bat (D:1)
  2 giant cockroaches
  7 jackals (D:6)
  3 quokkas
  4 frilled lizards
  A goblin (D:1)
  A hobgoblin zombie (Ossuary)
  6 kobolds
  4 kobold zombies (Ossuary)
  2 orc zombies (Ossuary)
  A quokka zombie (D:7)
  2 rats
  A spectral orc (D:4)
275 creatures vanquished.

Vanquished Creatures (collateral kills)
  An ugly thing (D:11)
  A quokka (D:11)
  A rat (D:11)
3 creatures vanquished.

Grand Total: 278 creatures vanquished

Notes
Turn   | Place    | Note
-------+----------+-------------------------------------------
     0 | D:1      | EnegeticOcto the Deep Dwarf Fighter began the quest for the
                  | Orb.
     0 | D:1      | Reached XP level 1. HP: 20/20 MP: 1/1
    89 | D:2      | Reached XP level 2. HP: 22/27 MP: 2/2
   143 | D:2      | Found a hazy altar of Hepliaklqana.
   175 | D:3      | Reached XP level 3. HP: 24/33 MP: 3/3
   184 | D:3      | Reached skill level 3 in Axes
   184 | D:3      | Reached skill level 1 in Dodging
   331 | D:4      | Reached XP level 4. HP: 42/42 MP: 3/3
   506 | D:4      | Found a basalt altar of Yredelemnul.
   527 | D:4      | Found a stormy altar of Qazlal.
   617 | D:4      | Found a sand-covered staircase.
   625 | Ossuary  | Entered an ossuary
   633 | Ossuary  | Reached XP level 5. HP: 48/49 MP: 3/3
   652 | Ossuary  | Reached skill level 4 in Axes
   846 | D:4      | Found an ancient bone altar of Kikubaaqudgha.
   858 | D:4      | Reached XP level 6. HP: 51/56 MP: 1/1
  1286 | D:5      | Entered Level 5 of the Dungeon
  1455 | D:5      | Reached skill level 5 in Axes
  1512 | D:5      | You fall into a shaft and drop 1 floor!
  1522 | D:6      | Reached XP level 7. HP: 51/63 MP: 2/2
  1537 | D:6      | Reached skill level 5 in Armour
  1541 | D:6      | Reached skill level 5 in Shields
  1549 | D:6      | Reached skill level 6 in Axes
  1584 | D:6      | Reached XP level 8. HP: 57/73 MP: 2/2
  1678 | D:5      | Noticed Eustachio
  1708 | D:5      | Killed Eustachio
  1956 | D:5      | Reached skill level 7 in Axes
  2568 | D:6      | Reached skill level 5 in Fighting
  2822 | D:6      | Noticed Grinder
  2832 | D:6      | Paralysed by Grinder for 7 turns
  2848 | D:6      | Reached skill level 5 in Dodging
  2848 | D:6      | Gained mutation: You passively map the area around you.
                  | [Deep Dwarf growth]
  2848 | D:6      | Reached XP level 9. HP: 68/81 MP: 2/2
  2854 | D:6      | Killed Grinder
  2854 | D:6      | Reached skill level 8 in Axes
  3132 | D:7      | Found a staircase to the Ecumenical Temple.
  3160 | Temple   | Entered the Ecumenical Temple
  3399 | Temple   | Became a worshipper of Makhleb the Destroyer
  3520 | D:7      | Found Tyt Tet's Gadget Boutique.
  3529 | D:7      | Found Gozag's Platinum Reserve.
  3541 | D:7      | Reached skill level 1 in Invocations
  3550 | D:7      | Found an opulent altar of Gozag.
  4169 | D:8      | You fall into a shaft and drop 1 floor!
  4226 | D:9      | Reached skill level 9 in Axes
  4258 | D:9      | Reached * piety under Makhleb
  4349 | D:8      | Reached XP level 10. HP: 82/91 MP: 5/5
  4626 | D:8      | Noticed a two-headed ogre
  4644 | D:8      | Killed a two-headed ogre
  4644 | D:8      | Reached skill level 5 in Invocations
  4729 | D:8      | Noticed a two-headed ogre
  4738 | D:8      | Killed a two-headed ogre
  5064 | D:9      | Reached skill level 10 in Axes
  5173 | D:9      | Noticed Erolcha
  5185 | D:9      | Paralysed by Erolcha for 5 turns
  5194 | D:9      | Killed Erolcha
  5262 | D:10     | Entered Level 10 of the Dungeon
  5344 | D:10     | Reached ** piety under Makhleb
  5359 | D:10     | Reached XP level 11. HP: 82/99 MP: 7/7
  5400 | D:10     | Noticed a two-headed ogre
  5418 | D:10     | Killed a two-headed ogre
  5480 | D:10     | Noticed an orc knight
  5481 | D:10     | Found a roughly hewn altar of Beogh.
  5481 | D:10     | Found a staircase to the Orcish Mines.
  5546 | D:10     | Killed an orc knight
  5741 | D:10     | Reached *** piety under Makhleb
  5742 | D:10     | Noticed a five-headed hydra
  5758 | D:10     | Killed a nine-headed hydra
  5787 | D:10     | Reached skill level 11 in Axes
  6659 | D:11     | Reached **** piety under Makhleb
  6888 | D:11     | Noticed a death yak
  6890 | D:11     | Noticed a white ugly thing
  6891 | D:11     | Noticed a death yak
  6891 | D:11     | Noticed a death yak
  6915 | D:11     | Killed a white ugly thing
  6918 | D:11     | Slain by a death yak

Illustrated notes

Levels and vault maps discovered:
D:1:      lemuel_arrival_room, layout_basic
D:2:      layout_rooms, overflow_temple_1_default, cheibriados_altar_1
D:3:      layout_basic, chequers_temple_overflow_statue_of_worship,
          nemelex_xobeh_ov_fountains_minmay, first_ration, minivault_19,
          chequers_serial_rivers_micro_a, uniq_jessica
D:4:      layout_loops_ring, kiku_gazebo_pond_becter,
          yredelemnul_forgotten_temple_becter, nicolae_ossuary_entry_ruins,
          corexii_item_surrounded_by_moat, minmay_door_square,
          grunt_ministairs_13, nicolae_qazlal_general_emergency
D:5:      layout_loops_ring, minmay_puff, uniq_eustachio
D:6:      layout_basic, minmay_misc_feat_tiny, grunt_potential, uniq_grinder
D:7:      layout_loops_ring, nicolae_gozag_zags_fifth_avenue,
          minmay_temple_entry_waves, serial_shops, nicolae_shop_stone
D:8:      layout_loops_ring, blue_anna_alchemist [blue_anna_fruit_fields,
          blue_anna_fruit_fields], grunt_decor_one_mirror
D:9:      layout_roguey, uniq_erolcha
D:10:     layout_irregular_city, david_orc_5, minivault_5
D:11:     layout_irregular_city, dpeg_lair_monsters, fedhas_altar_4
Temple:   oiseaux_autumnal_temple

Skill      XL: |  1  2  3  4  5  6  7  8  9 10 11 |
---------------+----------------------------------+-----
Fighting       | 3 4 5 6 7 |  7.2
Axes           | 3 4 5 6 7 9 10 11 | 11.4
Dodging        | 1 2 3 5 6 7 |  7.8
Shields        | 4 5 6 7 8 |  8.6
Armour         | 4 5 6 7 8 |  8.7
Invocations    | 4 7 9 |  9.7

Action                   |  1- 3 |  4- 6 |  7- 9 | 10-12 || total
-------------------------+-------+-------+-------+-------++-------
Melee: War axe           |    76 |   157 |   429 |       ||   662
       Hand axe          |       |       |    47 |   569 ||   616
Invok: Lesser Servant of |       |       |       |     2 ||     2
 Abil: Heal Wounds       |     3 |     7 |    17 |    36 ||    63
Evoke: Wand              |       |       |       |     5 ||     5
  Use: Potion            |       |     4 |       |       ||     4
       Scroll            |       |       |    12 |     8 ||    20
 Stab: Invisible         |       |     1 |     9 |       ||    10
       Distracted        |       |       |       |     1 ||     1
  Eat: Chunk             |       |     3 |    11 |     7 ||    21
       Ration            |       |       |     4 |     2 ||     6
Armor: Scale mail        |    27 |    65 |    24 |       ||   116
       Chain mail        |       |       |   191 |    95 ||   286
       Plate armour      |       |       |       |    93 ||    93
Dodge: Dodged            |    24 |    72 |   172 |   224 ||   492
Block: Kite shield       |    45 |    84 |   266 |   376 ||   771
